 Dungeon Crawl Stone Soup version 0.29.1-12-g30fa7ad0bf (webtiles) character file.

Game seed: 16877782483266272219

603 Radix the Magician (level 7, -5/48 HPs)
             Began as a Djinni Fire Elementalist on Dec 14, 2022.
             Slain by an ogre
             ... wielding a +0 giant club
              (17 damage)
             ... on level 5 of the Dungeon.
             The game lasted 00:36:52 (5746 turns).

Radix the Magician (Djinni Fire Elementalist)       Turns: 5746, Time: 00:36:55

Health: -5/48      AC:  9    Str:  7    XL:     7   Next: 70%
Gold:   237        EV: 12    Int: 18    God:
                   SH:  0    Dex: 14

rFire   + + .      SeeInvis .   q - +1 dagger (speed)
rCold   . . .      Faith    .   (no shield)
rNeg    . . .      Spirit   .   a - +0 robe
rPois   ∞          Reflect  .   (no helmet)
rElec   .          Harm     .   (no cloak)
rCorr   .          Rampage  .   (no gloves)
Will    .....                   (boots unavailable)
Stlth   ++........              (no amulet)
HPRegen 0.16/turn               f - ring of protection from cold
MPRegen 0.00/turn               (no ring)

@: ice-armoured, about to teleport, flying
A: sickness immunity, fire resistance 2, cold vulnerability 1, float, innate
caster, HP casting, extra vitality 1
a: no special abilities


You were on level 5 of the Dungeon.
You visited 1 branch of the dungeon, and saw 5 of its levels.

You collected 276 gold pieces.
You spent 39 gold pieces at shops.

Inventory:

Hand Weapons
 q - a +1 dagger of speed (weapon)
Armour
 a - a +0 robe (worn)
Jewellery
 f - a ring of protection from cold (left hand)
Wands
 l - a wand of iceblast (19) (quivered)
 o - a wand of polymorph (8)
Scrolls
 d - 3 scrolls of poison {unknown}
 e - 4 scrolls of identify {unknown}
 g - a scroll of enchant armour {unknown}
 h - 3 scrolls of teleportation
 j - a scroll of blinking {unknown}
 n - 3 scrolls of amnesia {unknown}
 p - a scroll of noise {unknown}
 r - a scroll of fear {unknown}
Potions
 b - a potion of cancellation {unknown}
 i - a potion of ambrosia {unknown}
 k - a potion of haste {unknown}
 m - a potion of invisibility {unknown}


   Skills:
 + Level 1.8 Fighting
 - Level 2.1 Dodging
 - Level 1.5 Stealth
 + Level 6.0 Spellcasting
 + Level 1.8 Evocations


You couldn't memorise any spells.
You knew the following spells:

 Your Spells              Type           Power      Damage    Failure   Level
a - Foxfire               Conj/Fire      100%       2x1d9     1%          1
b - Scorch                Fire           54%        2d7       1%          2
c - Conjure Flame         Conj/Fire      27%        6-21      3%          3
d - Inner Flame           Hex/Fire       27%        N/A       3%          3
e - Flame Wave            Conj/Fire      27%        2d9       10%         4
f - Shock                 Conj/Air       100%       1d9       1%          1
g - Call Imp              Summ           27%        N/A       1%          2
h - Ozocubu's Armour      Ice            27%        N/A       3%          3
Your spell library was empty.

Dungeon Overview and Level Annotations

Branches:
Dungeon (5/15)
 Temple: D:4-7

Altars:

Shops:
D:1 :   D:4 *


Innate Abilities, Weirdness & Mutations

You are immune to sickness and miasma.
You are immune to poison.
Your flesh is very heat resistant. (rF++)
You are vulnerable to cold. (rC-)
You float through the air rather than walking.
You learn spells naturally, not from books.
Your magical power is your life essence.
You have superior vitality. (+4 MHP)


Message History

Okay, then.
A wave of flame ripples out!
You finish channelling waves of flame.
You hear a shout!
You hear an angry hiss.
An adder comes into view.
An ogre comes into view. It is wielding a +0 giant club.
You feel better. The hound closely misses you.
Casting: Flame Wave (quite dangerous; 11% risk of failure)
Confirm with . or Enter, or press ? or * to list all spells.
The spell is quite dangerous to miscast (11% risk of failure)!
Continue anyway?
Casting: Flame Wave (quite dangerous; 11% risk of failure)
Press: ? - help, Dir - look around, f - activate A wave of flame ripples out!
The flame wave engulfs the hound!
The hound is severely wounded. (Press . to intensify the flame waves.)
The hound bites you but does no damage.
A wave of flame ripples out!
The flame wave engulfs the hound!
You kill the hound!
The flame wave engulfs the ogre!
The ogre is moderately wounded.
The flame wave engulfs the adder!
The adder is almost dead.
A scorpion comes into view.
The ogre hits you with a +0 giant club!
Your Spellcasting skill increases to level 6!
Casting: Flame Wave (quite dangerous; 10% risk of failure)
Confirm with . or Enter, or press ? or * to list all spells.
Flames lash the adder.
You kill the adder!
* * * LOW HITPOINT WARNING * * *
As you read the scroll of teleportation, it crumbles to dust.
You feel strangely unstable. The ogre misses you.
Casting: Scorch (safe; 1% risk of failure)
Confirm with . or Enter, or press ? or * to list all spells.
Flames lash the scorpion.
The scorpion is moderately wounded.
The scorpion's fire resistance burns away.
* * * LOW HITPOINT WARNING * * *
The ogre hits you with a +0 giant club!
You die...

...#.......
..........
..........
.........## .
.$........## ..
../........##...
...#....†.....<
#......<†..#
##.#.##s@.##
#)O.# .....#
.......#
##......>
#.####... ..
.### .. ..


You could see an ogre and a scorpion (combustible).

Vanquished Creatures
  Blork the orc (D:4)
  2 kobold brigands
  2 hounds
  An iguana (D:4)
  10 gnolls (D:4)
  10 adders
  2 worms
  4 dart slugs
  An orc (D:4)
  15 ball pythons
  5 endoplasms
  A giant cockroach (D:3)
  3 goblins
  10 hobgoblins
  4 jackals (D:5)
  34 kobolds
  6 quokkas
  10 bats
  6 frilled lizards
  2 rats (D:1)
129 creatures vanquished.

Vanquished Creatures (others)
  147 foxfires
  40 plants (D:4)
187 creatures vanquished.

Grand Total: 316 creatures vanquished

Notes
Turn   | Place    | Note
-------+----------+-------------------------------------------
     0 | D:1      | Radix the Djinni Fire Elementalist began the quest for the
                  | Orb.
     0 | D:1      | Radix set off with the following spells memorised: Foxfire,
                  | Scorch, Conjure Flame, Inner Flame, Flame Wave.
     0 | D:1      | Reached XP level 1. HP: 15/15 MP: 0/0
    44 | D:1      | Found Kurepax's Book Emporium.
   159 | D:1      | Reached XP level 2. HP: 18/21 MP: 0/0
   544 | D:1      | Reached skill level 3 in Spellcasting
   648 | D:1      | Reached XP level 3. HP: 19/25 MP: 0/0
   648 | D:1      | Learned a level 1 spell: Shock
  1814 | D:2      | Reached XP level 4. HP: 30/31 MP: 0/0
  2084 | D:2      | Found a faded altar of an unknown god.
  2707 | D:3      | Reached skill level 4 in Spellcasting
  2849 | D:3      | Reached XP level 5. HP: 32/35 MP: 0/0
  2849 | D:3      | Learned a level 2 spell: Call Imp
  3870 | D:4      | Reached XP level 6. HP: 34/40 MP: 0/0
  3883 | D:4      | Reached skill level 5 in Spellcasting
  4237 | D:4      | Noticed Blork the orc
  4241 | D:4      | Killed Blork the orc
  4350 | D:4      | Reached XP level 7. HP: 41/45 MP: 0/0
  4350 | D:4      | Learned a level 3 spell: Ozocubu's Armour
  4490 | D:4      | Found Hovig's General Store.
  4503 | D:4      | Bought a scroll of teleportation for 39 gold pieces
  5070 | D:4      | HP: 2/45 [cloud of flame (8)]
  5411 | D:4      | Reached skill level 1 in Fighting
  5411 | D:4      | Reached skill level 1 in Evocations
  5729 | D:5      | Entered Level 5 of the Dungeon
  5744 | D:5      | Reached skill level 6 in Spellcasting
  5746 | D:5      | Slain by an ogre

Illustrated notes

Levels and vault maps discovered:
D:1:      shiori_arrival_elements, layout_loops_ring, serial_shops,
          nicolae_shop_crystal, serial_aquarium, aquarium_bridge_straight
          [aquarium_subvault_bridge, aquarium_subvault_wall,
          aquarium_subvault_bridge, aquarium_subvault_window],
          aquarium_window_2, aquarium_window_2, aquarium_window_1,
          aquarium_window_2, aquarium_view_2d, aquarium_view_2c,
          aquarium_balcony_1a, aquarium_pool_split
D:2:      layout_loops_ring, shapermc_ecumenical_altar_mp_vishouse
D:3:      layout_basic, st_stairs_13
D:4:      kennysheep_kobold_camp, layout_loops_ring, serial_shops, shop,
          uniq_blork_the_orc
D:5:      minmay_razor_zed, layout_cave_pools, biasface_ghost_orc_armoury,
          hangedman_glass_teeth, uniq_menkaure

Skill      XL: |  1  2  3  4  5  6  7 |
---------------+----------------------+-----
Spellcasting   | 3 4 5 6 |  6.0
Fighting       | 1 |  1.8
Evocations     | 1 |  1.8
Dodging        | |  2.1
Stealth        | |  1.5

Action                   |  1- 3 |  4- 6 |  7- 9 || total
-------------------------+-------+-------+-------++-------
Melee: Dagger            |    29 |     1 |    12 ||    42
       Punch             |       |       |     2 ||     2
 Cast: Foxfire           |    42 |    47 |    13 ||   102
       Scorch            |       |    42 |    15 ||    57
       Flame Wave        |       |       |     4 ||     4
       Ozocubu's Armour  |       |       |     3 ||     3
       Inner Flame       |       |       |     2 ||     2
       Call Imp          |       |       |     1 ||     1
Evoke: Wand              |       |       |     2 ||     2
  Use: Potion            |       |       |     3 ||     3
       Scroll            |       |       |     2 ||     2
Armor: Robe              |    16 |     2 |     5 ||    23
Dodge: Dodged            |    38 |    15 |    19 ||    72
